 Dungeon Crawl Stone Soup version 0.31-a0-152-g6aa68a64a1 (webtiles) character file.

Game seed: 16720254098210052282

23730 qw the Marksminotaur (level 12, -26/110 HPs)
             Began as a Minotaur Hunter on June 10, 2023.
             Was an Elder of Okawaru.
             Annihilated by a cane toad (56 damage)
             ... on level 3 of the Lair of Beasts.
             The game lasted 00:05:04 (10361 turns).

qw the Marksminotaur (Minotaur Hunter)             Turns: 10361, Time: 00:05:05

Health: -26/110    AC:  8    Str: 12    XL:     12   Next: 74%
Magic:  16/18      EV:  2    Int:  6    God:    Okawaru [****..]
Gold:   536        SH:  0    Dex: 27    Spells: 11/11 levels left

rFire   + . .        b - +3 orcbow (freeze)
rCold   + . .        (shield currently unavailable)
rNeg    . . .        f - +0 robe "Rinis" {-Cast rC++ Str-5 Dex+3}
rPois   .            (helmet restricted)
rElec   .            n - +0 cloak
rCorr   .            r - +1 pair of gloves
SInv    .            g - +1 pair of boots
Will    .....        (no amulet)
Stlth   ++++         j - ring of fire
HPRegen 0.38/turn    l - +6 ring of dexterity
MPRegen 0.16/turn

%: no spellcasting
@: lethally poisoned (-26 -> -30), sleeping, heroic
A: horns 2, retaliatory headbutt
a: Renounce Religion, Heroism, Finesse


You were on level 3 of the Lair of Beasts.
You worshipped Okawaru.
Okawaru was greatly pleased with you.
You visited 2 branches of the dungeon, and saw 12 of its levels.

You collected 701 gold pieces.
You spent 165 gold pieces at shops.


Innate Abilities, Weirdness & Mutations

You have a pair of horns on your head.
You reflexively headbutt those who attack you in melee.


   Skills:
 - Level 11.0(16.0) Fighting
 - Level 16.0(21.0) Ranged Weapons
 - Level 3.2(8.2) Armour
 + Level 10.3(15.3) Dodging
 - Level 0.7(5.7) Stealth
 - Level 10.0 Invocations


You had 11 spell levels left.
You didn't know any spells.
Your spell library was empty.

Inventory:

Hand Weapons
 b - a +3 orcbow of freezing (weapon)
Armour
 f - the +0 robe "Rinis" (worn) {-Cast rC++ Str-5 Dex+3}
   (You found it on level 2 of the Dungeon)

   Str:       It affects your strength (-5).
   Dex:       It affects your dexterity (+3).
   rC:        It greatly protects you from cold.
   -Cast:     It prevents spellcasting.
 g - a +1 pair of boots (worn)
 n - a +0 cloak (worn)
 o - a +0 troll leather armour
 r - a +1 pair of gloves (worn)
Jewellery
 j - a ring of fire (left hand)
 l - a +6 ring of dexterity (right hand)
 m - a ring of positive energy
 p - a ring of resist corrosion
Wands
 k - a wand of digging (3)
Scrolls
 a - 7 scrolls of identify
 i - 5 scrolls of teleportation
Potions
 c - a potion of cancellation
 d - 2 potions of might
 e - 2 potions of mutation
 h - 5 potions of curing
 q - a potion of resistance
 s - a potion of haste
 t - a potion of magic {unknown}

Dungeon Overview and Level Annotations

Branches:
Dungeon (9/15)             Temple (0/1) D:6            Lair (3/5) D:9
  Snake (0/4) Lair:3
  Swamp: Lair:2-3    Shoals: Lair:2-3       Orc: D:9-12

Altars:
Ashenzari
Cheibriados
Gozag
Makhleb
Nemelex Xobeh
Okawaru
Qazlal
Ru
Xom

Shops:
D:9 ?

Annotations:
D:4 2 transporters, qw's ghost, amateur MiHu
Lair:2 1 runed translucent door, qw's ghost, journeyman MiHu


Message History

The dream sheep shake their wool and sparkle.
You feel drowsy...
You fall asleep.
A dream sheep comes into view. x3
The dream sheep bites you!!
You wake up.
You shoot an arrow. The arrow hits the dream sheep!!
The arrow freezes the dream sheep.
You kill the dream sheep!
Okawaru accepts your kill. The cane toad misses you.
You shoot an arrow.
The arrow hits the cane toad but does no damage.
The cane toad closely misses you. You furiously retaliate!
You headbutt the cane toad. You shoot an arrow.
The arrow barely misses the cane toad.
The cane toad stings you!!
You are poisoned.
The cane toad poisons you! The dream sheep bites you!
10357 ||| INVOKING Heroism.
You gain the combat prowess of a mighty hero.
You feel very sick. The cane toad stings you.
The dream sheep completely misses you.
You shoot an arrow. The arrow hits the cane toad.
The arrow freezes the cane toad.
The cane toad is moderately wounded.
You feel sick. The cane toad stings you. The dream sheep barely misses you.
You shoot an arrow. The arrow hits the cane toad!
The cane toad seems to slow down.
The arrow freezes the cane toad.
The cane toad is heavily wounded.
You feel sick. The cane toad stings you!
You shoot an arrow.
The arrow hits the cane toad but does no damage.
The cane toad is heavily wounded.
You feel sick.
The cane toad is no longer moving slowly.
The dream sheep bites you.
The dream sheep shake their wool and sparkle.
You feel drowsy...
You fall asleep.
You feel sick. The cane toad stings you!!!
Ouch! That really hurt!
You die...

#.....## #..# #.....## ##...
#.....## ...# ##.....## ##..#
#........ #...# ##.....##
##.Y###### #......+
#####.FYY..P.####.......
......Y@Y...............
........................
........................ ..#
#....................... ....#
.........##....#........
#....###...>.~~...###...........
##....#..~~...~~~~. ...~~~~~...#
##......
~~~~~~~~~....P~~~~~~~.##
##....##~~~~~~~~~~.# ~~~... ~~..


You could see a cane toad and 5 dream sheep.

Vanquished Creatures
  A hydra (Lair:3)
  A boulder beetle (Lair:1)
  A two-headed ogre (D:9)
  Sonja (Lair:2)
  Joseph (D:8)
  Maurice (D:8)
  2 black mambas
  6 elephants (Lair:1)
  7 cane toads
  6 komodo dragons
  4 rime drakes
  3 polar bears
  A troll (D:7)
  8 blink frogs
  2 dream sheep (Lair:3)
  A shadow (D:9)
  9 spriggans (Lair:1)
  14 yaks
  3 wyverns
  A wraith (D:8)
  Menkaure (D:6)
  A naga (Lair:3)
  14 water moccasins
  2 orc warriors
  5 ice beasts
  2 black bears
  A sky beast (D:7)
  An ogre (D:6)
  6 centaurs
  8 wolves
  2 phantoms
  4 kobold brigands
  10 bullfrogs
  2 gnoll sergeants
  3 scorpions
  11 wights
  A killer bee (D:9)
  An electric eel (Lair:3)
  A hound (D:4)
  8 orc priests
  A sleepcap (D:5)
  4 iguanas
  10 orc wizards
  14 gnolls
  8 adders
  3 shadow imps
  2 white imps (D:7)
  A worm (D:2)
  6 dart slugs
  31 orcs
  3 bats
  6 endoplasms
  4 giant cockroaches
  7 goblins
  9 hobgoblins
  4 quokkas
  5 ball pythons
  3 frilled lizards
  24 kobolds
  4 rats
306 creatures vanquished.

Notes
Turn   | Place    | Note
-------+----------+-------------------------------------------
     0 | D:1      | qw the Minotaur Hunter began the quest for the Orb.
     0 | D:1      | Reached XP level 1. HP: 18/18 MP: 0/0
     0 | D:1      | 0 ||| qw: Version: 0.2-a-122-gbc61b45
     0 | D:1      | 0 ||| qw: Game counter: 3649
     0 | D:1      | 0 ||| qw: Always use a shield: true
     0 | D:1      | 0 ||| qw: God list: Okawaru
     0 | D:1      | 0 ||| qw: Allow faded altars: false
     0 | D:1      | 0 ||| qw: Do Orc after D:15 true
     0 | D:1      | 0 ||| qw: Do second Lair branch before Depths: true
     0 | D:1      | 0 ||| qw: Lair rune preference: random
     0 | D:1      | 0 ||| qw: Plans: Normal
     0 | D:1      | 0 ||| PLANNING D:1-11
   135 | D:1      | 135 ||| DROPPING scroll of butterflies.
   227 | D:1      | Reached XP level 2. HP: 25/25 MP: 1/1
   249 | D:1      | 249 ||| READING scroll labelled XYINIE SUKHLATO.
   260 | D:1      | Reached skill level 5 in Ranged Weapons
   310 | D:1      | Found a faded altar of an unknown god.
   751 | D:1      | 751 ||| READING scroll labelled QAIHA VEURHEPS.
   794 | D:2      | Reached skill level 3 in Fighting
   796 | D:2      | Reached XP level 3. HP: 31/31 MP: 2/2
   891 | D:2      | 891 ||| READING scroll labelled AFARAK LAINNUO.
   892 | D:2      | 892 ||| READING scroll labelled ALEJUIZXA.
   893 | D:2      | 893 ||| READING 3 scrolls labelled URGHOPRA EZUTHRE.
   894 | D:2      | 894 ||| DROPPING 2 scrolls of vulnerability.
   934 | D:2      | Identified the +0 robe "Rinis" {-Cast rC++ Str-5 Dex+3}
  1232 | D:2      | 1232 ||| UPGRADING to +0 robe "Rinis" {-Cast rC++ Str-5
                  | Dex+3}.
  1242 | D:2      | 1242 ||| DROPPING +0 leather armour.
  1243 | D:2      | 1243 ||| READING 3 scrolls labelled XIOMMA DOEPRE.
  1244 | D:2      | 1244 ||| READING 2 scrolls of identify.
  1244 | D:2      | 1244 ||| IDENTIFYING viscous silvery potion
  1286 | D:3      | Noticed a bullfrog
  1289 | D:3      | Killed a bullfrog
  1290 | D:3      | Reached skill level 6 in Ranged Weapons
  1290 | D:3      | Reached XP level 4. HP: 38/38 MP: 3/3
  1441 | D:3      | Found the +7 staff of the Meek {protect, meekguard}
  1483 | D:3      | Reached XP level 5. HP: 46/46 MP: 4/4
  1521 | D:3      | Found a sacrificial altar of Ru.
  1819 | D:3      | 1819 ||| UPGRADING to ring of fire.
  1820 | D:3      | 1820 ||| DROPPING ring of magical power.
  1821 | D:3      | 1821 ||| READING scroll labelled SEQELY BOCICO.
  1822 | D:3      | 1822 ||| READING scroll labelled XEQASI SUVIOMI.
  1823 | D:3      | 1823 ||| READING 2 scrolls of identify.
  1823 | D:3      | 1823 ||| IDENTIFYING pink potion
  1945 | D:4      | Found a transporter.
  1955 | D:4      | Reached skill level 7 in Ranged Weapons
  1956 | D:4      | Noticed qw's ghost (amateur MiHu)
  2019 | D:4      | 2019 ||| Stepping ~*~*~tactically~*~*~ (outnumbered).
  2021 | D:4      | 2021 ||| Stepping ~*~*~tactically~*~*~ (outnumbered).
  2025 | D:4      | 2025 ||| Stepping ~*~*~tactically~*~*~ (outnumbered).
  2092 | D:4      | Reached skill level 3 in Dodging
  2092 | D:4      | Reached XP level 6. HP: 45/52 MP: 5/5
  2192 | D:4      | Found an iron altar of Okawaru.
  2192 | D:4      | Found a burning altar of Makhleb.
  2193 | D:4      | 2193 ||| PLANNING OKAWARU WORSHIP
  2193 | D:4      | 2193 ||| READING scroll labelled AHYCOR QANTU.
  2198 | D:4      | Became a worshipper of Warmaster Okawaru
  2198 | D:4      | 2198 ||| PLANNING D:1-11
  2252 | D:4      | Identified the +4 giant spiked club of Truncation {heavy,
                  | rF+ SInv}
  2253 | D:4      | Found a transporter.
  2366 | D:5      | Entered Level 5 of the Dungeon
  2366 | D:5      | Found a shimmering altar of Xom.
  2369 | D:5      | 2369 ||| STAIRDANCE
  2369 | D:5      | HP: 12/52 [iguana (15)]
  2371 | D:4      | 2371 ||| DRINKING potion of heal wounds.
  2520 | D:5      | Reached skill level 8 in Ranged Weapons
  2550 | D:5      | 2550 ||| READING scroll of enchant weapon.
  2550 | D:5      | 2550 ||| ENCHANTING +1 shortbow of chaos.
  2597 | D:5      | 2597 ||| Stepping ~*~*~tactically~*~*~ (outnumbered).
  2606 | D:5      | Reached XP level 7. HP: 60/60 MP: 6/6
  2910 | D:5      | Reached * piety under Okawaru
  2923 | D:5      | 2923 ||| DROPPING ring of wizardry.
  2924 | D:5      | 2924 ||| READING scroll labelled ORRAIG JAMP.
  2926 | D:5      | 2926 ||| Stepping ~*~*~tactically~*~*~ (cloud).
  3073 | D:6      | Found a staircase to the Ecumenical Temple.
  3077 | D:6      | 3077 ||| INVOKING Heroism.
  3090 | D:6      | 3090 ||| INVOKING Heroism.
  3098 | D:6      | Reached skill level 9 in Ranged Weapons
  3161 | D:6      | 3161 ||| INVOKING Heroism.
  3174 | D:6      | Reached skill level 1 in Invocations
  3225 | D:6      | 3225 ||| INVOKING Heroism.
  3237 | D:6      | Reached skill level 6 in Fighting
  3237 | D:6      | Reached XP level 8. HP: 55/70 MP: 4/7
  3294 | D:6      | 3294 ||| INVOKING Heroism.
  3298 | D:6      | Noticed Menkaure
  3310 | D:6      | HP: 10/70 [??? (8)]
  3311 | D:6      | 3311 ||| DRINKING potion of heal wounds.
  3313 | D:6      | Killed Menkaure
  3314 | D:6      | Reached skill level 10 in Ranged Weapons
  3505 | D:6      | 3505 ||| INVOKING Heroism.
  4061 | D:6      | 4061 ||| DROPPING amulet of magic regeneration.
  4062 | D:6      | 4062 ||| UPGRADING to +6 ring of dexterity.
  4063 | D:6      | 4063 ||| READING scroll labelled HITOETOMAWK.
  4064 | D:6      | 4064 ||| DRINKING 3 purple potions.
  4232 | D:7      | 4232 ||| Stepping ~*~*~tactically~*~*~ (outnumbered).
  4233 | D:7      | 4233 ||| Stepping ~*~*~tactically~*~*~ (outnumbered).
  4245 | D:7      | 4245 ||| FLEEEEING.
  4246 | D:7      | 4246 ||| FLEEEEING.
  4247 | D:7      | 4247 ||| FLEEEEING.
  4282 | D:7      | 4282 ||| Stepping ~*~*~tactically~*~*~ (outnumbered).
  4284 | D:7      | 4284 ||| Stepping ~*~*~tactically~*~*~ (outnumbered).
  4310 | D:7      | Found a broken altar of Ashenzari.
  4322 | D:7      | 4322 ||| Stepping ~*~*~tactically~*~*~ (outnumbered).
  4330 | D:7      | Reached skill level 6 in Dodging
  4340 | D:7      | 4340 ||| FLEEEEING.
  4434 | D:7      | 4434 ||| Stepping ~*~*~tactically~*~*~ (outnumbered).
  4438 | D:7      | 4438 ||| INVOKING Heroism.
  4672 | D:7      | 4672 ||| Stepping ~*~*~tactically~*~*~ (outnumbered).
  4674 | D:7      | 4674 ||| Stepping ~*~*~tactically~*~*~ (outnumbered).
  4757 | D:7      | Reached XP level 9. HP: 79/79 MP: 9/9
  4956 | D:7      | Noticed a troll
  4957 | D:7      | 4957 ||| INVOKING Heroism.
  4966 | D:7      | Killed a troll
  5126 | D:7      | Found a stormy altar of Qazlal.
  5248 | D:7      | 5248 ||| INVOKING Heroism.
  5256 | D:7      | Reached skill level 3 in Invocations
  5473 | D:7      | 5473 ||| DROPPING +1 ring mail of willpower.
  5474 | D:7      | 5474 ||| READING scroll labelled HOECELUATY.
  5528 | D:8      | 5528 ||| STAIRDANCE
  5597 | D:8      | 5597 ||| STAIRDANCE
  5599 | D:8      | 5599 ||| DRINKING 4 potions of curing.
  5599 | D:8      | 5599 ||| (to cure confusion)
  5608 | D:8      | 5608 ||| INVOKING Heroism.
  5615 | D:8      | 5615 ||| Stepping ~*~*~tactically~*~*~ (outnumbered).
  5626 | D:8      | Reached skill level 11 in Ranged Weapons
  5755 | D:8      | Found an opulent altar of Gozag.
  5818 | D:8      | 5818 ||| INVOKING Heroism.
  5848 | D:8      | 5848 ||| DRINKING 2 white potions.
  5849 | D:8      | 5849 ||| DRINKING 2 glowing emerald potions.
  5850 | D:8      | 5850 ||| DROPPING potion of attraction.
  5926 | D:8      | 5926 ||| Stepping ~*~*~tactically~*~*~ (outnumbered).
  5927 | D:8      | 5927 ||| Stepping ~*~*~tactically~*~*~ (outnumbered).
  5930 | D:8      | 5930 ||| Stepping ~*~*~tactically~*~*~ (outnumbered).
  5935 | D:8      | 5935 ||| Stepping ~*~*~tactically~*~*~ (outnumbered).
  6017 | D:8      | 6017 ||| INVOKING Heroism.
  6101 | D:8      | 6101 ||| Stepping ~*~*~tactically~*~*~ (outnumbered).
  6103 | D:8      | 6103 ||| Stepping ~*~*~tactically~*~*~ (outnumbered).
  6105 | D:8      | 6105 ||| Stepping ~*~*~tactically~*~*~ (outnumbered).
  6107 | D:8      | 6107 ||| INVOKING Heroism.
  6108 | D:8      | 6108 ||| Stepping ~*~*~tactically~*~*~ (outnumbered).
  6189 | D:8      | Noticed Joseph
  6195 | D:8      | 6195 ||| FLEEEEING.
  6196 | D:8      | 6196 ||| FLEEEEING.
  6202 | D:8      | 6202 ||| FLEEEEING.
  6203 | D:8      | 6203 ||| FLEEEEING.
  6204 | D:8      | 6204 ||| FLEEEEING.
  6205 | D:8      | 6205 ||| FLEEEEING.
  6206 | D:8      | 6206 ||| FLEEEEING.
  6207 | D:8      | 6207 ||| FLEEEEING.
  6236 | D:8      | 6236 ||| INVOKING Heroism.
  6246 | D:8      | HP: 8/79 [Joseph/sling bullet (18)]
  6248 | D:8      | Killed Joseph
  6249 | D:8      | Reached skill level 12 in Ranged Weapons
  6489 | D:8      | Noticed Maurice
  6493 | D:8      | Paralysed by Maurice for 2 turns
  6521 | D:8      | Killed Maurice
  6522 | D:8      | Reached XP level 10. HP: 58/88 MP: 12/12
  6732 | D:8      | 6732 ||| UPGRADING to +0 pair of boots.
  6737 | D:8      | 6737 ||| UPGRADING to +0 cloak.
  6742 | D:8      | 6742 ||| READING scroll of enchant armour.
  6742 | D:8      | 6742 ||| ENCHANTING +0 pair of boots.
  6743 | D:8      | 6743 ||| READING 2 scrolls of identify.
  6743 | D:8      | 6743 ||| IDENTIFYING yellow potion
  6842 | D:8      | 6842 ||| READING scroll of enchant weapon.
  6842 | D:8      | 6842 ||| ENCHANTING +2 shortbow of chaos.
  7031 | D:9      | Reached skill level 1 in Armour
  7043 | D:9      | 7043 ||| INVOKING Heroism.
  7064 | D:9      | 7064 ||| Stepping ~*~*~tactically~*~*~ (outnumbered).
  7070 | D:9      | 7070 ||| INVOKING Heroism.
  7083 | D:9      | Reached ** piety under Okawaru
  7098 | D:9      | Reached skill level 13 in Ranged Weapons
  7176 | D:9      | 7176 ||| SWAPPING to +2 orcbow of freezing.
  7177 | D:9      | 7177 ||| DROPPING +3 shortbow of chaos.
  7273 | D:9      | 7273 ||| FLEEEEING.
  7274 | D:9      | 7274 ||| FLEEEEING.
  7275 | D:9      | 7275 ||| FLEEEEING.
  7277 | D:9      | 7277 ||| FLEEEEING.
  7279 | D:9      | 7279 ||| FLEEEEING.
  7281 | D:9      | 7281 ||| FLEEEEING.
  7282 | D:9      | 7282 ||| FLEEEEING.
  7284 | D:9      | 7284 ||| FLEEEEING.
  7285 | D:9      | 7285 ||| FLEEEEING.
  7286 | D:9      | 7286 ||| FLEEEEING.
  7322 | D:9      | Reached skill level 9 in Fighting
  7396 | D:9      | Found a staircase to the Lair.
  7401 | D:9      | Noticed a two-headed ogre
  7470 | D:9      | Found a sparkling altar of Nemelex Xobeh.
  7518 | D:9      | Found Kusewn's Magic Scroll Boutique.
  7521 | D:9      | 7521 ||| BUYING scroll of enchant weapon (75 gold).
  7521 | D:9      | Bought a scroll of enchant weapon for 75 gold pieces
  7521 | D:9      | 7521 ||| BUYING scroll of identify (20 gold).
  7521 | D:9      | Bought a scroll of identify for 20 gold pieces
  7521 | D:9      | 7521 ||| BUYING scroll of identify (20 gold).
  7521 | D:9      | Bought a scroll of identify for 20 gold pieces
  7521 | D:9      | 7521 ||| BUYING scroll of identify (20 gold).
  7521 | D:9      | Bought a scroll of identify for 20 gold pieces
  7521 | D:9      | 7521 ||| BUYING scroll of teleportation (30 gold).
  7521 | D:9      | Bought a scroll of teleportation for 30 gold pieces
  7521 | D:9      | 7521 ||| READING scroll of enchant weapon.
  7521 | D:9      | 7521 ||| ENCHANTING +2 orcbow of freezing.
  7543 | D:9      | 7543 ||| INVOKING Heroism.
  7587 | D:9      | 7587 ||| INVOKING Heroism.
  7590 | D:9      | Killed a two-headed ogre
  7590 | D:9      | Reached *** piety under Okawaru
  7591 | D:9      | Reached skill level 9 in Dodging
  7777 | D:9      | 7777 ||| PLANNING LAIR
  7777 | D:9      | 7777 ||| DROPPING +0 leather armour of poison resistance.
  7778 | D:9      | 7778 ||| DRINKING 2 fuming puce potions.
  7779 | D:9      | 7779 ||| DRINKING 2 sedimented dark potions.
  7780 | D:9      | 7780 ||| READING 5 scrolls of identify.
  7780 | D:9      | 7780 ||| IDENTIFYING orange potion
  7781 | D:9      | 7781 ||| READING 4 scrolls of identify.
  7781 | D:9      | 7781 ||| IDENTIFYING sedimented yellow potion
  7782 | D:9      | 7782 ||| DROPPING potion of degeneration.
  7783 | D:9      | 7783 ||| DROPPING potion of brilliance.
  7827 | Lair:1   | Entered Level 1 of the Lair of Beasts
  7839 | Lair:1   | Noticed an elephant
  7843 | Lair:1   | Noticed an elephant
  7843 | Lair:1   | Noticed an elephant
  7843 | Lair:1   | Noticed an elephant
  7845 | Lair:1   | 7845 ||| INVOKING Heroism.
  7847 | Lair:1   | Killed an elephant
  7849 | Lair:1   | Noticed an elephant
  7865 | Lair:1   | Killed an elephant
  7866 | Lair:1   | Reached XP level 11. HP: 62/97 MP: 11/13
  7870 | Lair:1   | Reached skill level 14 in Ranged Weapons
  7875 | Lair:1   | HP: 23/97 [water moccasin (2)]
  7876 | Lair:1   | 7876 ||| READING scroll of teleportation.
  7878 | Lair:1   | Reached **** piety under Okawaru
  8187 | Lair:1   | 8187 ||| INVOKING Heroism.
  8262 | Lair:1   | 8262 ||| INVOKING Heroism.
  8297 | Lair:1   | Reached skill level 6 in Invocations
  8302 | Lair:1   | Reached ***** piety under Okawaru
  8334 | Lair:1   | 8334 ||| INVOKING Heroism.
  8480 | Lair:1   | 8480 ||| INVOKING Heroism.
  8562 | Lair:1   | Noticed a boulder beetle
  8563 | Lair:1   | 8563 ||| INVOKING Heroism.
  8570 | Lair:1   | Killed a boulder beetle
  8571 | Lair:1   | Reached skill level 15 in Ranged Weapons
  8615 | Lair:1   | 8615 ||| INVOKING Heroism.
  8697 | Lair:1   | 8697 ||| INVOKING Heroism.
  8841 | Lair:2   | Found a snail-covered altar of Cheibriados.
  8867 | Lair:2   | 8867 ||| INVOKING Heroism.
  8872 | Lair:2   | Reached XP level 12. HP: 106/106 MP: 13/17
  8948 | Lair:2   | 8948 ||| FLEEEEING.
  8949 | Lair:2   | 8949 ||| FLEEEEING.
  8950 | Lair:2   | 8950 ||| FLEEEEING.
  9072 | Lair:2   | Noticed Sonja
  9073 | Lair:2   | 9073 ||| INVOKING Finesse.
  9077 | Lair:2   | Killed Sonja
  9147 | Lair:2   | 9147 ||| INVOKING Heroism.
  9191 | Lair:2   | 9191 ||| INVOKING Heroism.
  9351 | Lair:2   | 9351 ||| STAIRDANCE
  9362 | Lair:1   | Reached skill level 9 in Invocations
  9574 | Lair:2   | 9574 ||| INVOKING Heroism.
  9647 | Lair:2   | Found a runed translucent door.
  9649 | Lair:2   | Noticed qw's ghost (journeyman MiHu)
  9657 | Lair:2   | Identified the +4 trident "Kionga" {drain, rElec Will+
                  | Dex-2}
  9879 | Lair:2   | Identified the +1 quick blade of the Thirteen Orbs {spect,
                  | Int+2 Stlth+} (Okawaru gifted it to you on level 2 of the
                  | Lair of Beasts)
  9879 | Lair:2   | Received a gift from Okawaru
 10026 | Lair:2   | 10026 ||| UPGRADING to +1 pair of gloves.
 10043 | Lair:3   | Noticed a six-headed hydra
 10044 | Lair:3   | 10044 ||| INVOKING Heroism.
 10045 | Lair:3   | 10045 ||| INVOKING Finesse.
 10050 | Lair:3   | Killed a six-headed hydra
 10051 | Lair:3   | Reached skill level 3 in Armour
 10171 | Lair:3   | Found a staircase to the Snake Pit.
 10260 | Lair:3   | 10260 ||| INVOKING Heroism.
 10275 | Lair:3   | Reached skill level 16 in Ranged Weapons
 10357 | Lair:3   | 10357 ||| INVOKING Heroism.
 10361 | Lair:3   | Annihilated by a cane toad

Levels and vault maps discovered:
D:1:      dpeg_arrival_renting, layout_loops_ring,
          hellmonk_ecumenical_altar_lost_god, dreamdust_wishing_well,
          nicolae_concentric_dashed_squares_mild, minmay_hexomino_c4
D:2:      layout_rooms, serial_aquarium, aquarium_bridge_square
          [aquarium_subvault_bridge, aquarium_subvault_bridge,
          aquarium_subvault_bridge, aquarium_subvault_window],
          aquarium_window_fake, aquarium_window_3, aquarium_window_corner,
          aquarium_window_2, aquarium_view_2e, aquarium_pool_1
D:3:      layout_rooms, nicolae_ru_path_of_blood, guppyfry_early_orc_mine
D:4:      layout_rooms, gammafunk_temple_overflow_statue, gammafunk_ghost_smash
D:5:      layout_rooms, mainiacjoe_overflow_concentric_impassable
D:6:      layout_basic, minmay_temple_entry_arrows, uniq_menkaure
D:7:      layout_layer_cave, nicolae_overflow_hidden_temple,
          evilmike_ruin_ashenzari
D:8:      layout_loops_ring, lemuel_coloured_pillars_altar,
          hellmonk_bongcloud_opening, uniq_joseph, uniq_maurice
D:9:      layout_rooms, nemelex_altar_shiori, hellmonk_lair_entry_icy,
          serial_shops, kennysheep_mini_moat, minmay_increasing_density
Lair:1:   kb_forest_paths, layout_hall_layers
Lair:2:   layout_regular_city, ebering_ghost_funeral_grove, basic_altar,
          grunt_megastairs_5, uniq_sonja
Lair:3:   layout_regular_city, elwin_shoals_entry_rooms,
          guppyfry_snake_entry_island, ebering_ghost_xom, portal_ice_cave_rime,
          nicolae_lair_run_with_the_wolves, infiniplex_staircase_pool

Skill      XL: |  1  2  3  4  5  6  7  8  9 10 11 12 |
---------------+-------------------------------------+-----
Ranged Weapons | 5 6 7 8 9 10 12 13 15 16 | 16.0
Fighting       | 3 4 6 7 9 10 11 | 11.0
Dodging        | 3 4 6 7 9 10 | 10.3
Invocations    | 1 4 8 10 | 10.0
Armour         | 2 3 |  3.2
Stealth        | |  0.7

Action                     |  1- 3 |  4- 6 |  7- 9 | 10-12 || total
---------------------------+-------+-------+-------+-------++-------
   Fire: Shortbow          |    99 |   128 |   399 |    61 ||   687
         Orcbow            |       |       |       |   381 ||   381
 Invoke: Heroism           |       |       |    14 |    19 ||    33
         Finesse           |       |       |       |     2 ||     2
    Use: Scroll            |     7 |     5 |     3 |     7 ||    22
         Potion            |       |     1 |     5 |     2 ||     8
 Armour: Leather armour    |     6 |       |       |       ||     6
         Robe              |       |     2 |     2 |    20 ||    24
  Dodge: Dodged            |    21 |    20 |    87 |   227 ||   355

Table legend:
 A = Non-vault XP
 B = Vault XP
 C = Vault XP percentage of total XP
 D = Non-vault monster count
 E = Vault monster count
 F = Vault count percentage of total count
                 A         B        C        D         E       F
            +---------+---------+-------+---------+---------+-------
      Total |   24023 |    9878 |  29.1 |     252 |      54 |  17.6
            +---------+---------+-------+---------+---------+-------
        D:1 |      21 |       6 |  22.2 |      12 |       4 |  25.0
        D:2 |      44 |       0 |   0.0 |      16 |       0 |   0.0
        D:3 |     162 |      17 |   9.5 |      18 |       7 |  28.0
        D:4 |     337 |       0 |   0.0 |      20 |       0 |   0.0
        D:5 |     417 |       0 |   0.0 |      12 |       0 |   0.0
        D:6 |     810 |     172 |  17.5 |      23 |       1 |   4.2
        D:7 |    1492 |       0 |   0.0 |      40 |       0 |   0.0
        D:8 |    1235 |     947 |  43.4 |      31 |       2 |   6.1
        D:9 |    1900 |    2222 |  53.9 |      14 |      13 |  48.1
     Lair:1 |    7729 |    4497 |  36.8 |      28 |      19 |  40.4
     Lair:2 |    4569 |    1860 |  28.9 |      18 |       7 |  28.0
     Lair:3 |    5307 |     157 |   2.9 |      20 |       1 |   4.8
            +---------+---------+-------+---------+---------+-------
